 Dungeon Crawl Stone Soup version 0.28.0-53-g5a82cb258f (console) character file.

Game seed: 515403990990082371

24637 goozler the Geomancer (level 13, -27/72 HPs)
             Began as a Gargoyle Earth Elementalist on June 2, 2022.
             Was an Elder of Vehumet.
             Blown up by an orb spider (38 damage)
             ... with an orb of destruction
             ... on level 1 of the Spider Nest on June 4, 2022.
             The game lasted 03:05:58 (20549 turns).

goozler the Geomancer (GrEE)                       Turns: 20549, Time: 03:05:58

Health: -27/72     AC: 21    Str: 12    XL:     13   Next: 14%
Magic:  14/26      EV: 12    Int: 21    God:    Vehumet [****..]
Gold:   817        SH:  0    Dex: 10    Spells: 5/30 levels left

rFire   . . .      SeeInvis +   a - staff of earth
rCold   + . .      Faith    .   (no shield)
rNeg    + . .      Spirit   .   P - +2 robe
rPois   ∞          Reflect  .   j - +2 helmet
rElec   +          Harm     .   K - +0 cloak
rCorr   .          Rampage  .   L - +0 pair of gloves
Will    .....                   s - +0 pair of boots
Stlth   +++.......              (no amulet)
HPRegen 0.22/turn               i - ring "Liorot" {rPois SInv}
MPRegen 0.20/turn               I - ring of protection from cold

@: swift (expiring), very quick
A: sickness immunity, AC +9, negative energy resistance 1, electricity
resistance, torment resistance 1, petrification resistance, camouflage 1
a: Renounce Religion


You were on level 1 of the Spider Nest.
You worshipped Vehumet.
Vehumet was greatly pleased with you.
You visited 4 branches of the dungeon, and saw 15 of its levels.
You also visited: Gauntlet.

You collected 817 gold pieces.

Inventory:

Hand Weapons
 b - the +8 whip "Snakebite" {venom, curare, rPois}
   (You found it on level 4 of the Lair of Beasts)

   It poisons the flesh of those it strikes.
   It occasionally inflicts asphyxiating poison on those it strikes, dealing
   poison damage and causing slowness.
   rPois:     It protects you from poison.
 f - a +0 short sword of flaming
 k - a +1 dagger of electrocution
 p - a +2 scythe of venom
 t - a +4 quarterstaff of chaos
Missiles
 c - 5 poisoned darts
 h - 180 stones
 u - a throwing net
 v - 2 curare-tipped darts
 H - 2 boomerangs
Armour
 j - a +2 helmet (worn)
 o - a +0 leather armour
 s - a +0 pair of boots (worn)
 K - a +0 cloak (worn)
 L - a +0 pair of gloves (worn)
 N - a +1 plate armour of fire resistance
 P - a +2 robe (worn)
Magical Staves
 a - a staff of earth (weapon)
 y - a staff of poison
Jewellery
 i - the ring "Liorot" (left hand) {rPois SInv}
   (You acquired it on level 1 of the Dungeon)

   [ring of see invisible]

   rPois:     It protects you from poison.
   SInv:      It lets you see invisible.
 I - a ring of protection from cold (right hand)
 Q - a ring of poison resistance
Wands
 g - a wand of digging (4)
 C - a wand of charming (7)
 F - a wand of flame (9)
 J - a wand of iceblast (4)
Scrolls
 d - 3 scrolls of identify
 n - 3 scrolls of teleportation
 w - 2 scrolls of amnesia
 z - 2 scrolls of fear
 E - a scroll of enchant weapon
 G - a scroll of fog
 M - a scroll of silence
 O - a scroll of magic mapping
Potions
 e - 4 potions of curing
 l - a potion of magic
 m - a potion of lignification
 q - a potion of flight
 r - 2 potions of berserk rage
 x - 2 potions of heal wounds
 A - 2 potions of brilliance
 B - 2 potions of cancellation
 D - a potion of might


   Skills:
 - Level 5.0 Fighting
 + Level 0.6 Staves
 - Level 4.0 Throwing
 - Level 8.0 Armour
 - Level 2.0 Dodging
 - Level 4.0 Stealth
 - Level 9.0 Spellcasting
 - Level 8.0 Conjurations
 - Level 5.0 Hexes
 - Level 4.0 Transmutations
 - Level 6.0 Fire Magic
 - Level 5.0 Air Magic
 - Level 9.0 Earth Magic
 - Level 5.0 Poison Magic
 - Level 5.0 Evocations


You had 5 spell levels left.
You knew the following spells:

 Your Spells              Type           Power      Damage    Failure   Level
a - Sandblast             Erth           100%       2d20      1%          1
b - Stone Arrow           Conj/Erth      100%       3d13      1%          3
c - Passwall              Tmut/Erth      44%        N/A       1%          2
d - Petrify               Tmut/Erth      53%        N/A       4%          4
e - Inner Flame           Hex/Fire       32%        N/A       1%          3
f - Mephitic Cloud        Conj/Pois/Air  34%        N/A       1%          3
g - Ignite Poison         Fire/Tmut/Pois 30%        N/A       1%          3
h - Slow                  Hex            100%       N/A       1%          1
i - Searing Ray           Conj           86%        2d7       1%          2
j - Swiftness             Air            30%        N/A       2%          3

Your spell library contained the following spells:

 Spells                   Type           Power      Damage    Failure   Level
 Beastly Appendage        Tmut           52%        N/A       1%          1
 Magic Dart               Conj           100%       1d8       1%          1
 Wereblood                Tmut           26%        N/A       1%          2
 Conjure Flame            Conj/Fire      38%        6-21      1%          3
 Confusing Touch          Hex            30%        N/A       2%          3
 Ensorcelled Hibernation  Hex/Ice        38%        N/A       3%          2
 Spider Form              Tmut/Pois      28%        N/A       3%          3
 Summon Small Mammal      Summ           36%        N/A       7%          1
 Freezing Cloud           Conj/Ice/Air   13%        6-21      10%         5
 Call Imp                 Summ           9%         N/A       11%         2
 Vampiric Draining        Necr           9%         2d6       22%         3
 Summon Ice Beast         Ice/Summ       9%         N/A       56%         4
 Chain Lightning          Conj/Air       18%        3d24      100%        9
 Fire Storm               Conj/Fire      19%        8d5       100%        9
 Shatter                  Erth           31%        3d26*     100%        9


Dungeon Overview and Level Annotations

Branches:
Dungeon (8/15)             Temple (1/1) D:6            Lair (5/6) D:8
 Shoals (0/4) Lair:2       Spider (1/4) Lair:4      Gauntlet (visited)
  Slime: Lair:5-6

Altars:
Ashenzari
Dithmenos
Elyvilon
Fedhas
Hepliaklqana
Kikubaaqudgha
Makhleb
Nemelex Xobeh
Qazlal
Trog
Uskayaw
Vehumet
Wu Jian
Xom
Yredelemnul

Annotations:
D:8 2 transporters, Robocop's ghost, novice HOFi


Innate Abilities, Weirdness & Mutations

You are immune to sickness and miasma.
Your stone body is resilient. (AC +9)
You are immune to poison.
You resist negative energy. (rN+)
You are resistant to electric shocks. (rElec)
You are resistant to unholy torment.
You are immune to petrification.
Your skin changes colour to match your surroundings (Stealth+).


Message History

The demonic crawler shrieks in warning!
Unknown command.
Casting: Stone Arrow (safe; 1% risk of failure)
Confirm with . or Enter, or press ? or * to list all spells.
Aiming: Stone Arrow (safe; 1% risk of failure)
Press: ? - help, Shift-Dir - straight line, f/p - demonic crawler
Aim: a demonic crawler (heavily wounded, catching its breath, 89% to hit)
You feel a surge of power!
The stone arrow hits the demonic crawler!!
The demonic crawler is almost dead.
The demonic crawler hits you.
* * * LOW HITPOINT WARNING * * *
The demonic crawler barely misses you. x2
Casting: Stone Arrow (safe; 1% risk of failure)
Confirm with . or Enter, or press ? or * to list all spells.
Aiming: Stone Arrow (safe; 1% risk of failure)
Press: ? - help, Shift-Dir - straight line, f/p - demonic crawler
Aim: a demonic crawler (almost dead, catching its breath, 89% to hit)
You feel a surge of power!
The stone arrow hits the demonic crawler!!
You kill the demonic crawler!
Vehumet accepts your kill.
You feel your power returning.
Training target 9.0 for Spellcasting reached!
Your Spellcasting skill increases to level 9!
You need to enable at least one skill for training.
There is a hole to the Spider Nest here.
You climb downwards.
Welcome back to the Spider Nest!
This branch contains the gossamer rune of Zot.
The redback closely misses you.
The orb spider weaves a glowing orb of energy.
The redback bites you but does no damage.
An orb of destruction comes into view.
There is a crawl-hole back to the Lair here.
You start to feel a little slower.
The redback bites you.
* * * LOW HITPOINT WARNING * * *
The orb of destruction hits you!!!
Ouch! That really hurt!
You die...

###....#...## ...
#....#.##...#....#
##.#...#...^.....#
#.....#.####.##(.#
###.....# .#... ..
####..##..#s...
#....#..# #.#..
##.#..## #... #
#.s...#..#...
##s##○s.#
#.@○.w#.# #....###
.. ####.# . ....
####. .# .


You could see an emperor scorpion, a steelbarb worm, an orb spider and a
redback.

Vanquished Creatures
  A boulder beetle (Lair:3)
  A hydra (Lair:2)
  A catoblepas (Lair:2)
  2 oklob plants (Lair:3)
  3 merfolk sirens (Lair:2)
  7 cane toads
  5 black mambas
  2 rime drakes
  A demonic crawler (Lair:4)
  2 komodo dragons
  A polar bear (Lair:4)
  A merfolk (Lair:2)
  2 tarantellas (Lair:4)
  6 dream sheep (Lair:4)
  14 blink frogs
  Sigmund (D:3)
  30 yaks
  3 wyverns
  4 redbacks
  2 steam dragons
  2 swamp worms (D:8)
  18 water moccasins
  An ice beast (D:6)
  An orc warrior (D:8)
  Duvessa (D:5)
  2 sky beasts (D:7)
  6 black bears
  2 necrophages
  A centaur (D:5)
  2 ogres
  A kobold brigand (D:8)
  10 bullfrogs
  2 scorpions
  3 wyvern zombies
  2 water moccasin zombies
  A wyvern skeleton (D:6)
  Dowan (D:5)
  11 wights
  An electric eel (Lair:3)
  2 howler monkeys
  A crimson imp (D:6)
  2 centaur zombies (D:8)
  5 hounds
  2 orc priests
  Crazy Yiuf (D:4)
  2 bullfrog skeletons (D:5)
  A centaur skeleton (D:6)
  2 jellies
  2 iguanas
  2 orc wizards
  8 gnolls (D:4)
  8 adders
  A white imp (D:6)
  2 ufetubi
  An adder skeleton (D:4)
  5 worms
  3 dart slugs
  11 orcs
  5 endoplasms
  7 giant cockroaches
  9 goblins
  9 hobgoblins
  8 kobolds
  6 quokkas
  7 ball pythons
  15 bats
  2 frilled lizards
  2 rats
288 creatures vanquished.

Vanquished Creatures (others)
  A two-headed ogre (D:8)
  2 bullfrogs (D:8)
  An orc wizard (D:8)
  An orc (D:8)
  39 fungi
  68 plants
  5 withered plants
117 creatures vanquished.

Grand Total: 405 creatures vanquished

Notes
Turn   | Place    | Note
-------+----------+-------------------------------------------
     0 | D:1      | goozler the Gargoyle Earth Elementalist began the quest for
                  | the Orb.
     0 | D:1      | Reached XP level 1. HP: 10/10 MP: 3/3
   235 | D:1      | Reached XP level 2. HP: 15/15 MP: 0/5
   620 | D:1      | Found a faded altar of an unknown god.
   835 | D:1      | Reached skill level 5 in Earth Magic
   835 | D:1      | Reached XP level 3. HP: 19/19 MP: 4/6
   888 | D:1      | Learned a level 3 spell: Stone Arrow
  1179 | D:1      | Identified a scroll of acquirement
  1179 | D:1      | Acquired the ring "Liorot" {rPois SInv}
  1311 | D:2      | Learned a level 2 spell: Passwall
  1433 | D:2      | Reached skill level 1 in Conjurations
  1481 | D:2      | Reached skill level 1 in Transmutations
  1727 | D:2      | Reached XP level 4. HP: 24/24 MP: 5/7
  2499 | D:3      | Reached XP level 5. HP: 28/28 MP: 6/8
  2592 | D:3      | Noticed Sigmund
  2611 | D:3      | Killed Sigmund
  2612 | D:3      | Reached skill level 1 in Armour
  2612 | D:3      | Reached XP level 6. HP: 23/32 MP: 0/10
  3597 | D:4      | Reached XP level 7. HP: 36/36 MP: 2/11
  3889 | D:4      | Found a runed translucent door.
  3890 | D:4      | Noticed Crazy Yiuf
  3899 | D:4      | Killed Crazy Yiuf
  4050 | D:4      | Learned a level 4 spell: Petrify
  4544 | D:5      | Entered Level 5 of the Dungeon
  4628 | D:5      | Noticed Duvessa
  4628 | D:5      | Noticed Dowan
  4635 | D:5      | Killed Duvessa
  4636 | D:5      | Reached skill level 1 in Evocations
  4640 | D:5      | Killed Dowan
  4718 | D:5      | Reached XP level 8. HP: 41/41 MP: 10/13
  5578 | D:6      | Found a staircase to the Ecumenical Temple.
  5591 | Temple   | Entered the Ecumenical Temple
  5748 | Temple   | Became a worshipper of Vehumet
  6007 | D:7      | Reached skill level 5 in Evocations
  6069 | D:7      | Reached XP level 9. HP: 33/45 MP: 9/15
  6283 | D:7      | Reached skill level 5 in Spellcasting
  6923 | D:8      | Found a bloodstained altar of Trog.
  6923 | D:8      | Noticed a moth of wrath
  6923 | D:8      | Noticed a troll
  6923 | D:8      | Noticed Robocop's ghost (novice HOFi)
  6936 | D:8      | Found a staircase to the Lair.
  6941 | D:8      | Reached * piety under Vehumet
  6941 | D:8      | Offered knowledge of Magic Dart by Vehumet.
  6984 | D:8      | Reached skill level 5 in Conjurations
  7148 | D:8      | Found a shimmering altar of Xom.
  7221 | D:8      | Killed a two-headed ogre
  7394 | D:8      | Reached XP level 10. HP: 43/50 MP: 12/17
  7470 | D:8      | Reached skill level 5 in Armour
  7470 | D:8      | Reached skill level 1 in Fighting
  7758 | D:8      | Learned a level 1 spell: Magic Dart
  8193 | D:8      | Found a transporter.
  8196 | D:8      | Found a transporter.
  8502 | Lair:1   | Entered Level 1 of the Lair of Beasts
  9054 | D:6      | Reached skill level 5 in Fighting
  9944 | Lair:1   | Reached skill level 1 in Throwing
  9992 | Lair:1   | Noticed a black mamba
 10002 | Lair:1   | Killed a black mamba
 10415 | Lair:1   | Learned a level 3 spell: Mephitic Cloud
 10456 | Lair:1   | Reached skill level 1 in Poison Magic
 10580 | Lair:1   | Offered knowledge of Shock by Vehumet.
 10688 | Lair:1   | Reached ** piety under Vehumet
 10772 | Lair:1   | Noticed a cane toad
 10778 | Lair:1   | Killed a cane toad
 10779 | Lair:1   | Reached XP level 11. HP: 63/63 MP: 6/20
 11252 | Lair:2   | Found a white marble altar of Elyvilon.
 11370 | Lair:2   | Found a gate leading to a gauntlet.
 11379 | Gauntlet | Entered a Gauntlet
 11379 | Gauntlet | Found a transporter.
 11379 | Gauntlet | Found a transporter.
 11381 | Gauntlet | Found a transporter.
 11381 | Gauntlet | Found a transporter.
 11384 | Gauntlet | Found a transporter.
 11418 | Gauntlet | Found a transporter.
 11420 | Gauntlet | Found a transporter.
 11420 | Gauntlet | Found a transporter.
 11422 | Gauntlet | Noticed a sixfirhy
 11422 | Gauntlet | Noticed a sixfirhy
 11423 | Gauntlet | Noticed a quicksilver ooze
 11436 | Gauntlet | Found a transporter.
 11447 | Gauntlet | Found a transporter.
 11452 | Gauntlet | Noticed a minotaur
 11452 | Gauntlet | Noticed a sixfirhy
 11458 | Gauntlet | Noticed an obsidian statue
 11460 | Gauntlet | Found a runed translucent door.
 11461 | Gauntlet | Found a transporter.
 11463 | Gauntlet | Found a runed translucent door.
 11477 | Gauntlet | Found a transporter.
 11491 | Gauntlet | Noticed a catoblepas
 11498 | Gauntlet | Found a transporter.
 11506 | Gauntlet | Noticed a wizard
 11511 | Gauntlet | Found a transporter.
 11830 | Lair:2   | Reached skill level 5 in Poison Magic
 11838 | Lair:2   | Reached skill level 1 in Air Magic
 11838 | Lair:2   | Found a staircase to the Shoals.
 12588 | Lair:2   | Learned a level 3 spell: Ignite Poison
 12632 | Lair:2   | Noticed a catoblepas
 12811 | Lair:3   | Noticed a boulder beetle
 12821 | Lair:3   | Killed a boulder beetle
 12947 | Lair:2   | Noticed a five-headed hydra
 12955 | Lair:2   | Killed a five-headed hydra
 13010 | Lair:2   | Gained mutation: Your flesh is cold resistant. (rC+)
                  | [potion of mutation]
 13011 | Lair:2   | Lost mutation: Your flesh is cold resistant. (rC+) [potion
                  | of mutation]
 13011 | Lair:2   | Gained mutation: You are clumsy. (Dex -2) [potion of
                  | mutation]
 13011 | Lair:2   | Gained mutation: You sometimes lose the ability to read
                  | scrolls when taking damage. [potion of mutation]
 13012 | Lair:2   | Lost mutation: You sometimes lose the ability to read
                  | scrolls when taking damage. [potion of mutation]
 13012 | Lair:2   | Lost mutation: You are clumsy. (Dex -2) [potion of
                  | mutation]
 13012 | Lair:2   | Gained mutation: Your skin changes colour to match your
                  | surroundings (Stealth+). [potion of mutation]
 13309 | Lair:2   | Reached skill level 5 in Air Magic
 13357 | Lair:2   | Learned a level 1 spell: Slow
 13549 | Lair:3   | Offered knowledge of Searing Ray by Vehumet.
 13550 | Lair:3   | Reached skill level 1 in Hexes
 13553 | Lair:3   | Learned a level 2 spell: Searing Ray
 13592 | Lair:3   | Reached XP level 12. HP: 29/68 MP: 12/22
 14136 | Lair:2   | Reached skill level 5 in Fire Magic
 14889 | Lair:2   | Killed a catoblepas
 15793 | Lair:3   | Reached *** piety under Vehumet
 15993 | Lair:3   | Found a blossoming altar of Fedhas.
 17008 | Lair:5   | Noticed an eight-headed hydra
 17632 | Lair:4   | Learned a level 3 spell: Swiftness
 18030 | Lair:4   | Offered knowledge of Inner Flame by Vehumet.
 18031 | Lair:4   | Reached skill level 5 in Hexes
 18052 | Lair:4   | Learned a level 3 spell: Inner Flame
 18242 | Lair:4   | Got the Handbook of Attacks and Companions
 18286 | Lair:4   | Found a hole to the Spider Nest.
 19678 | Lair:4   | Reached XP level 13. HP: 69/72 MP: 20/24
 20002 | Lair:4   | Reached **** piety under Vehumet
 20111 | Lair:4   | Found the +8 whip "Snakebite" {venom, curare, rPois}
 20196 | Spider:1 | Entered Level 1 of the Spider Nest
 20513 | Spider:1 | Noticed an emperor scorpion
 20549 | Spider:1 | Blown up by an orb spider

Illustrated notes

Levels and vault maps discovered:
D:1:      lightli_arrival_statue_moat, layout_basic, basic_ecumenical_altar,
          minmay_tetromino_t4
D:2:      layout_basic, item_on_display_b
D:3:      layout_loops_ring, columned_hall_lemuel, uniq_sigmund
D:4:      layout_basic, minmay_close_crescents, uniq_crazy_yiuf_cottage
D:5:      layout_basic, uniq_duvessa
D:6:      layout_cave_pods, minmay_temple_entry_hall, minmay_fire_ice_demons
D:7:      mumra_celtic_spiral_tile, layout_rooms
D:8:      layout_basic, xom_confusion_cloud, due_lair_maze_entry_diamond,
          serial_undead, serial_undead_e, serial_undead_e, serial_undead_b,
          serial_undead_f, gammafunk_ghost_wrathful_warriors, worms_lemuel
Temple:   mainiacjoe_temple_circle_huts
Lair:1:   layout_big_grid, infiniplex_staircase_pool_2, grunt_megastairs_1
Lair:2:   layout_hall_layers, elwin_shoals_entry_stream, basic_altar,
          gauntlet_entry_generic
Lair:3:   layout_gridlike, roderic_batcave, hangedman_tree_tricks
Lair:4:   minmay_guarded_unrand_snakebite, layout_cave_shapes,
          dummy_spider_entry, lemuel_fruit_tree, lemuel_fruit_fields
Lair:5:   layout_long_grid, minmay_lair_drake_nest
Spider:1: layout_spider_delve

Skill      XL: |  1  2  3  4  5  6  7  8  9 10 11 12 13 |
---------------+----------------------------------------+-----
Earth Magic    | 4 5 6 7 8 9 |  9.0
Conjurations   | 2 3 4 6 7 8 |  8.0
Transmutations | 1 3 4 |  4.0
Armour         | 1 2 4 5 8 |  8.0
Dodging        | 2 |  2.0
Spellcasting   | 3 4 5 6 7 9 |  9.0
Evocations     | 1 5 |  5.0
Stealth        | 4 |  4.0
Fighting       | 5 |  5.0
Throwing       | 4 |  4.0
Poison Magic   | 3 5 |  5.0
Air Magic      | 5 |  5.0
Fire Magic     | 4 6 |  6.0
Hexes          | 1 5 |  5.0
Staves         | |  0.6

Action                   |  1- 3 |  4- 6 |  7- 9 | 10-12 | 13-15 || total
-------------------------+-------+-------+-------+-------+-------++-------
Melee: Unarmed           |     1 |       |       |       |       ||     1
       Staff             |       |       |    33 |    54 |     2 ||    89
       Punch             |       |       |       |     3 |       ||     3
Throw: Throwing net      |       |       |       |     1 |       ||     1
 Cast: Sandblast         |    55 |    63 |   123 |    47 |     2 ||   290
       Passwall          |     2 |       |       |       |       ||     2
       Stone Arrow       |       |     4 |    14 |   269 |    37 ||   324
       Magic Dart        |       |       |       |     6 |       ||     6
       Mephitic Cloud    |       |       |       |    11 |       ||    11
       Searing Ray       |       |       |       |     4 |       ||     4
       Ignite Poison     |       |       |       |     3 |       ||     3
       Slow              |       |       |       |    11 |     2 ||    13
       Inner Flame       |       |       |       |     1 |       ||     1
       Swiftness         |       |       |       |       |     1 ||     1
  Use: Scroll            |     5 |     5 |     6 |     6 |       ||    22
       Potion            |     2 |     4 |     5 |     4 |       ||    15
Armor: Robe              |     6 |     5 |    18 |    89 |    34 ||   152
       Leather armour    |       |     7 |       |       |       ||     7
Dodge: Dodged            |     8 |    17 |    21 |   124 |    51 ||   221
